AoeStats
← toomuchdog

MegaRandom

506328058Analyzed
1v1 RM · 20d ago on Sep 13, 2026· 16m 25s· 2 players
Game mode
Random Map
Map size
Tiny (2 player)
Population
200
Speed
Normal
Resources
Standard
Victory
Conquest
Starting age
Dark Age
Ending age
Imperial Age
RankedLock teamsTeams togetherTeam positionsShared explorationLock speedFull tech treeHidden civsTurbo modeCheats
Victory
Defeat
🇨🇦 Malay · Canada
1320
+16
🇨🇳 Burgundians · China
1319
-16
Elephant
0:33 Loom
2:24 Double-Bit Axe
5:34 Horse Collar
11:08 Feudal Age
12:45 Bow Saw
15:04 Castle Age
13:17 Heavy Plow
14:03 Scale Barding Armor
14:34 Forging
16:22 Chain Barding Armor
toomuchdog
0:27 Loom
9:30 Feudal Age
9:39 Double-Bit Axe
13:35 Castle Age
12:23 Stone Mining
12:50 Double-Bit Axe
13:01 Gold Mining
16:22 Town Watch
Connection lost

Rejoining the realm…

Still unreachable

The connection could not be restored.

Session expired

The server has moved on; the page needs a fresh start.